 Dungeon Crawl Stone Soup version 0.31-a0-221-gbddc013574 (webtiles) character file.

Game seed: 5712275763490509784

166 qw the Chopper (level 5, -11/32 HPs)
             Began as a Gargoyle Fighter on July 4, 2023.
             Mangled by an ogre
             ... wielding a +0 giant club
              (14 damage)
             ... on level 4 of the Dungeon.
             The game lasted 00:00:59 (2761 turns).

qw the Chopper (Gargoyle Fighter)                   Turns: 2761, Time: 00:00:59

Health: -11/32     AC: 13    Str: 22    XL:     5   Next: 47%
Magic:  5/5        EV:  8    Int:  8    God:
Gold:   119        SH:  4    Dex:  9    Spells: 4/4 levels left

rFire   . . .        Y - +2 war axe
rCold   . . .        c - +0 buckler
rNeg    + . .        h - +0 chain mail
rPois   inf          (no helmet)
rElec   +            (no cloak)
rCorr   .            (no gloves)
SInv    +            (no boots)
Will    .....        (no amulet) Stlth
                     k - ring of see invisible
HPRegen 0.25/turn    (no ring)
MPRegen 0.09/turn

%: no passive effects
@: no status effects
A: sickness immunity, AC +4, negative energy resistance 1, electricity
resistance, torment resistance 1, petrification resistance
a: no special abilities


You were on level 4 of the Dungeon.
You visited 1 branch of the dungeon, and saw 4 of its levels.

You collected 185 gold pieces.
You spent 66 gold pieces at shops.


Innate Abilities, Weirdness & Mutations

You are immune to sickness and miasma.
Your stone body is resilient. (AC +4)
You are immune to poison.
You resist negative energy. (rN+)
You are resistant to electric shocks. (rElec)
You are resistant to unholy torment.
You are immune to petrification.


   Skills:
 + Level 3.2 Fighting
 - Level 5.0 Axes
 - Level 3.2 Armour
 - Level 3.2 Shields


You had 4 spell levels left.
You didn't know any spells.
Your spell library was empty.

Inventory:

Hand Weapons
 f - a +0 mace
 Y - a +2 war axe (weapon)
Missiles
 b - 4 boomerangs (quivered)
Armour
 c - a +0 buckler (worn)
 h - a +0 chain mail (worn)
Jewellery
 k - a ring of see invisible (left hand)
Scrolls
 a - a scroll of identify
Potions
 d - 3 potions of might
 e - a potion of enlightenment
 g - 2 potions of invisibility {unknown}
 i - a potion of berserk rage {unknown}
 j - a potion of ambrosia {unknown}
 o - a potion of attraction

Dungeon Overview and Level Annotations

Branches:
Dungeon (4/15)
 Temple: D:4-7

Altars:
Uskayaw
Wu Jian

Shops:
D:3 *

Annotations:
D:3 3 runed translucent doors, qw's ghost, amateur GrHs


Message History

You slash the jackal!
You kill the jackal!
You closely miss the jackal. You block the jackal's attack.
You barely miss the jackal.
The jackal is moderately wounded.
You slash the jackal!
You kill the jackal!
You closely miss the jackal.
The jackal bites you but does no damage. x2
The jackal barely misses you. x2
You hit the jackal.
You kill the jackal!
You hit the jackal but do no damage.
The jackal bites you but does no damage. x2
An ogre comes into view. It is wielding a +0 giant club.
The ogre shouts!
You hit the jackal.
The jackal is severely wounded.
The jackal bites you but does no damage.
The adder misses you.
You slash the jackal!
You kill the jackal!
You miss the adder. The adder bites you.
You miss the adder. The adder bites you but does no damage.
The adder barely misses you.
You slash the adder!
You kill the adder!
Your Axes skill increases to level 5!
You throw a boomerang. The boomerang hits the ogre.
The ogre is lightly wounded.
You hit the ogre.
The ogre is moderately wounded.
The ogre hits you with a +0 giant club!!
Ouch! That really hurt!
You barely miss the ogre.
The ogre is moderately wounded.
The ogre hits you with a +0 giant club!
You die...

.......###..
.........#.#
.........#.#
...........###
#...........
#....%....
.###....%O%#
.........@#
.#.....#..#
.........#####
.............###..
#................
...#.........###...
. #.......<.......
............###...
...#.........#


You could see an ogre.

Vanquished Creatures
  A bullfrog (D:2)
  4 adders
  2 worms
  A dart slug (D:1)
  An orc (D:3)
  5 bats
  4 endoplasms
  3 giant cockroaches
  2 goblins
  5 hobgoblins
  6 jackals (D:4)
  10 kobolds
  A quokka (D:2)
  3 ball pythons
  2 frilled lizards
  4 rats
54 creatures vanquished.

Notes
Turn   | Place    | Note
-------+----------+-------------------------------------------
     0 | D:1      | qw the Gargoyle Fighter began the quest for the Orb.
     0 | D:1      | Reached XP level 1. HP: 14/14 MP: 1/1
     0 | D:1      | 0 ||| qw: Version: 0.3-a-41-g9d075ac
     0 | D:1      | 0 ||| qw: Game counter: 709
     0 | D:1      | 0 ||| qw: Melee chars always use a shield: true
     0 | D:1      | 0 ||| qw: God list: Okawaru
     0 | D:1      | 0 ||| qw: Allow faded altars: false
     0 | D:1      | 0 ||| qw: Do Orc after clearing Dungeon:15 true
     0 | D:1      | 0 ||| qw: Do second Lair branch before Depths: true
     0 | D:1      | 0 ||| qw: Lair rune preference: random
     0 | D:1      | 0 ||| qw: Goals: Normal, Zot:1-4, Slime:5, God:TSO, Crypt,
                  | Tomb, Abyss, Pan, Hells, Win
     0 | D:1      | 0 ||| PLANNING D:1-11
   106 | D:1      | 106 ||| DROPPING +0 club.
   144 | D:1      | 144 ||| DROPPING +0 whip.
   149 | D:1      | Reached skill level 2 in Axes
   380 | D:1      | Reached XP level 2. HP: 19/19 MP: 2/2
  1083 | D:1      | 1083 ||| UPGRADING to +0 chain mail.
  1093 | D:1      | 1093 ||| DROPPING +0 scale mail.
  1094 | D:1      | 1094 ||| UPGRADING to ring of see invisible.
  1095 | D:1      | 1095 ||| READING scroll labelled ZAIV ZESMOY.
  1096 | D:1      | 1096 ||| READING scroll labelled INOISH PAEQE.
  1097 | D:1      | 1097 ||| READING scroll labelled SAOC LUGIMP.
  1098 | D:1      | 1098 ||| READING scroll labelled OXYSAJ NEMM.
  1099 | D:1      | 1099 ||| READING scroll labelled JOIROA WAEDD.
  1110 | D:1      | 1110 ||| READING scroll labelled JIGUL XEUCRUACU.
  1111 | D:1      | 1111 ||| READING scroll labelled LYANKA XOESYMP.
  1112 | D:1      | 1112 ||| READING scroll labelled ROLLYKLI OLELL.
  1369 | D:2      | Reached skill level 3 in Axes
  1405 | D:2      | Reached XP level 3. HP: 23/23 MP: 3/3
  1430 | D:2      | Found a faded altar of an unknown god.
  1651 | D:2      | Found an ornate altar of the Wu Jian Council.
  1863 | D:2      | 1863 ||| READING scroll labelled MOTEGO HERITA.
  1864 | D:2      | 1864 ||| READING scroll labelled ESKYREDUOM.
  1910 | D:3      | Noticed a bullfrog
  1916 | D:3      | 1916 ||| STAIRDANCE
  1921 | D:2      | HP: 5/23 [kobold/+0 dagger (3)]
  1922 | D:2      | 1922 ||| READING scroll of teleportation.
  1923 | D:2      | HP: 2/23 [kobold/+0 short sword (3)]
  1924 | D:2      | Killed a bullfrog
  1925 | D:2      | Reached skill level 4 in Axes
  1925 | D:2      | Reached XP level 4. HP: 3/28 MP: 4/4
  2073 | D:3      | Reached XP level 5. HP: 32/32 MP: 5/5
  2075 | D:3      | Found Remi's Assorted Antiques.
  2086 | D:3      | 2086 ||| BUYING bubbling brown potion (20 gold).
  2086 | D:3      | Bought a bubbling brown potion for 20 gold pieces
  2086 | D:3      | 2086 ||| SHOPLISTING scroll of enchant armour (172 gold,
                  | have 80).
  2086 | D:3      | 2086 ||| BUYING scroll of identify (46 gold).
  2086 | D:3      | Bought a scroll of identify for 46 gold pieces
  2086 | D:3      | 2086 ||| SHOPLISTING twisted bronze wand (92 gold, have
                  | 34).
  2112 | D:3      | 2112 ||| READING scroll of enchant weapon.
  2112 | D:3      | 2112 ||| ENCHANTING +1 war axe.
  2114 | D:3      | 2114 ||| Stepping ~*~*~tactically~*~*~ (stealth).
  2184 | D:3      | Found a hide-covered altar of Uskayaw.
  2352 | D:3      | Noticed qw's ghost (amateur GrHs)
  2386 | D:3      | Found a runed translucent gate.
  2386 | D:3      | Found a runed translucent gate.
  2386 | D:3      | Found a runed translucent gate.
  2717 | D:3      | 2717 ||| DRINKING 2 lumpy clear potions.
  2718 | D:3      | 2718 ||| DRINKING 2 bubbling brown potions.
  2731 | D:4      | 2731 ||| PLANNING SEWER
  2754 | D:4      | Noticed an ogre
  2759 | D:4      | Reached skill level 5 in Axes
  2760 | D:4      | HP: 3/32 [ogre/+0 giant club (26)]
  2761 | D:4      | Mangled by an ogre

Levels and vault maps discovered:
D:1:      minmay_arrival_floating_metal, layout_basic
D:2:      layout_loops_cross, basic_altar,
          hellmonk_ecumenical_altar_heavens_door, minmay_goblin_kobold_house
D:3:      layout_loops_ring, nicolae_uskayaw_suspiria, serial_shops, shop,
          gammafunk_ghost_icy, st_stairs_1
D:4:      layout_rooms, nemelex_xobeh_ov_fountains_minmay, portal_sewer_entry_e,
          hangedman_decor_peaks_small

Skill      XL: |  1  2  3  4  5 |
---------------+----------------+-----
Axes           | 2 3 4 5 |  5.0
Fighting       | |  3.2
Armour         | |  3.2
Shields        | |  3.2

Action                     |  1- 3 |  4- 6 || total
---------------------------+-------+-------++-------
  Melee: War axe           |    74 |    43 ||   117
  Throw: Boomerang         |       |    24 ||    24
    Use: Scroll            |    11 |     1 ||    12
         Potion            |       |     2 ||     2
 Armour: Scale mail        |    11 |       ||    11
         Chain mail        |    37 |    37 ||    74
  Dodge: Dodged            |    32 |    23 ||    55
  Block: Buckler           |    19 |     5 ||    24

Table legend:
 A = Non-vault XP
 B = Vault XP
 C = Vault XP percentage of total XP
 D = Non-vault monster count
 E = Vault monster count
 F = Vault count percentage of total count
                 A         B        C        D         E       F
            +---------+---------+-------+---------+---------+-------
      Total |     214 |      24 |  10.1 |      46 |       8 |  14.8
            +---------+---------+-------+---------+---------+-------
        D:1 |      18 |       0 |   0.0 |      10 |       0 |   0.0
        D:2 |     140 |       6 |   4.1 |      18 |       5 |  21.7
        D:3 |      18 |      18 |  50.0 |      10 |       3 |  23.1
        D:4 |      38 |       0 |   0.0 |       8 |       0 |   0.0
            +---------+---------+-------+---------+---------+-------
